 Dungeon Crawl Stone Soup version 0.31.0-32-g396128a36d (webtiles) character file.

Game seed: 14751922778461768620

9 PaiMei the Grave Robber (level 2, 0/19 HPs)
             Began as a Demonspawn Necromancer on Mar 25, 2024.
             Slain by an orc wizard
             ... wielding a +0 dagger
              (1 damage)
             ... on level 2 of the Dungeon.
             The game lasted 00:01:20 (879 turns).

PaiMei the Grave Robber (Demonspawn Necromancer)     Turns: 879, Time: 00:01:21

Health: 0/19       AC:  2    Str:  8    XL:     2   Next: 3%
Magic:  14/14      EV: 12    Int: 15    God:
Gold:   51         SH:  0    Dex: 13    Spells: 4/5 levels left

rFire   . . .        c - +0 dagger
rCold   . . .        (no shield)
rNeg    . . .        a - +0 robe
rPois   .            (no helmet)
rElec   .            (no cloak)
rCorr   .            (no gloves)
SInv    .            (no boots)
Will    +....        (no amulet)
Stlth   ++           d - ring of magical power
HPRegen 0.23/turn    f - ring of willpower
MPRegen 0.14/turn

%: no passive effects
@: no status effects
A: demonic touch 1
a: no special abilities


You were on level 2 of the Dungeon.
You visited 1 branch of the dungeon, and saw 2 of its levels.

You collected 51 gold pieces.

Inventory:

Hand Weapons
 c - a +0 dagger (weapon)
Armour
 a - a +0 robe (worn)
Jewellery
 d - a ring of magical power (left hand)
 f - a ring of willpower (right hand)
Scrolls
 e - a scroll of immolation {unknown}
 g - a scroll of revelation {unknown}
 h - a scroll of enchant armour {unknown}
 k - a scroll of noise {unknown}
Potions
 b - a potion of magic
 i - a potion of invisibility {unknown}
 j - a potion of ambrosia {unknown}
 l - a potion of curing {unknown}
 m - 2 potions of heal wounds {unknown}


   Skills:
 + Level 0.0 Fighting
 + Level 2.0 Dodging
 - Level 2.0 Stealth
 + Level 2.1 Spellcasting
 + Level 4.5 Necromancy


You had 4 spell levels left.
You knew the following spells:

 Your Spells              Type           Power      Damage    Failure   Level
a - Necrotise             Necr           60%        1d7       3%          1

Your spell library contained the following spells:

 Spells                   Type           Power      Damage    Failure   Level
 Vampiric Draining        Necr           15%        2d7       11%         3
 Animate Dead             Necr           15%        N/A       34%         4
 Mephitic Cloud           Conj/Alch/Air  1%         N/A       54%         3
 Curse of Agony           Necr           15%        N/A       67%         5
 Conjure Ball Lightning   Conj/Air       0%         3x3d6     100%        6
 Starburst                Conj/Fire      0%         6d3       100%        6


Dungeon Overview and Level Annotations

Branches:
Dungeon (2/15)

Altars:

Annotations:
D:2 Terence


Innate Abilities, Weirdness & Mutations

Your touch may inflict minor irresistible damage on your foes.


Message History

Aiming: Necrotise (safe; 3% risk of failure)
Press: ? - help, Shift-Dir - straight line, f/p - orc wizard
Aim: an orc wizard, wielding a +0 dagger and wearing a +0 robe (chance to affect: 72%)
The orc wizard writhes in agony.
The orc wizard mumbles some strange words.
The orc wizard flickers and vanishes!
Deactivating autopickup; reactivate with Ctrl-A.
You hear a shout!
Casting: Necrotise (safe; 3% risk of failure)
Confirm with . or Enter, or press ? or * to list all spells.
You can't see any susceptible monsters within range! (Use Z to cast anyway.)
Casting: Necrotise (safe; 3% risk of failure)
Confirm with . or Enter, or press ? or * to list all spells.
You can't see any susceptible monsters within range! (Use Z to cast anyway.)
Casting: Necrotise (safe; 3% risk of failure)
Confirm with . or Enter, or press ? or * to list all spells.
You can't see any susceptible monsters within range! (Use Z to cast anyway.)
You see here 7 gold pieces.
You are confused.
You bump into the rock wall.
You're too confused to move!
You hear some strange, mumbled words.
A puff of flame appears from out of thin air!
The puff of flame hits you!
You bump into the rock wall.
You feel less confused. Something hits you but does no damage.
You hear some strange, mumbled words.
You are confused.
You bump into the rock wall.
You bump into the rock wall.
Something hits you.
You bump into the rock wall.
Something hits you.
You hear some strange, mumbled words.
A puff of flame appears from out of thin air!
The puff of flame hits you!
Ouch! That really hurt!
* * * LOW HITPOINT WARNING * * *
You feel less confused. Something hits you.
You die...

♣ ♣....##.#..#.............o ♣
♣♣...##.#.......$........
♣♣..##.##.#.............
♣.###.##.#.##.####.....
♣.###.....#...# #...## .
♣....###.###.## #...# # ♣
♣♣♣.##>#..## ##.# #..(# #
♣###.♣.##.#.#.###.######.###
.......##.#.##.#@....#.....#
####.#.##.#.##..####.#.>...##
#
#.#......##.#............#####
#......####.#.................
######## #.#..##........#####
#...........##.# #
#....###.##.# .# # #.####
#.##.# .# # #.# #.. .. ####


There were no monsters in sight!

Vanquished Creatures
  An endoplasm (D:2)
  A giant cockroach (D:1)
  A goblin (D:1)
  3 hobgoblins (D:1)
  A kobold (D:1)
7 creatures vanquished.

Notes
Turn   | Place    | Note
-------+----------+-------------------------------------------
     0 | D:1      | PaiMei the Demonspawn Necromancer began the quest for the
                  | Orb.
     0 | D:1      | Reached XP level 1. HP: 13/13 MP: 3/3
   625 | D:2      | Noticed Terence
   754 | D:2      | Noticed an orc wizard
   775 | D:2      | Gained mutation: Your touch may inflict minor irresistible
                  | damage on your foes. [demonic ancestry]
   775 | D:2      | Reached XP level 2. HP: 16/19 MP: 5/5
   779 | D:2      | Got Paus's Tractate on Forces
   879 | D:2      | Slain by an orc wizard

Illustrated notes

Levels and vault maps discovered:
D:1:      dpeg_arrival_rooms_c, layout_rooms, minmay_distorted
D:2:      layout_loops_cross, chequers_ecumenical_altar_grove, serial_shops,
          nicolae_shop_pleasant_corner_grove, grunt_decor_junction, uniq_terence

Skill      XL: |  1 |
---------------+----+-----
Stealth        | 2 |  2.0
Dodging        | 2 |  2.0
Spellcasting   | |  2.1
Necromancy     | |  4.5

Action                     || total
---------------------------++-------
   Cast: Necrotise         ||    15
 Armour: Robe              ||     7
